 Dungeon Crawl Stone Soup version 0.24.0-37-gcf1ca852f1 (webtiles) character file.

Game seed: 3656045639357070232, levelgen mode: deterministic

181738 Ponchio the Spry (level 18, -4/118 HPs)
             Began as a Gargoyle Fighter on Dec 3, 2019.
             Was the Champion of the Shining One.
             Slain by a titanic slime creature (80 damage)
             ... on level 3 of the Depths.
             The game lasted 02:08:58 (38624 turns).

Ponchio the Spry (Gargoyle Fighter)                Turns: 38624, Time: 02:08:59

Health: -4/118     AC: 36    Str: 28    XL:     18   Next: 31%
Magic:  27/27      EV: 27    Int: 11    God:    the Shining One [******]
Gold:   1554       SH: 18    Dex: 21    Spells: 17/17 levels left

rFire    . . .     SeeInvis .   R - +7 mace of the Extremely Mad {flame, rPois rC+ rN+ MR+}
rCold    + + .     Gourm    .   c - +3 shield
rNeg     + + +     Faith    .   L - +3 chain mail of Responsibility {Str+4 Dex+4}
rPois    ∞         Spirit   .   P - +0 hat "Kuppeur" {Str+3}
rElec    +         Reflect  .   y - +2 cloak
rCorr    .         Harm     .   V - +0 pair of gloves {archery}
MR       ++...                  X - +2 pair of boots {run}
Stlth    ..........             W - amulet of the Air {Inacc +Fly rElec EV+5 RMsl}
HPRegen  0.29/turn              D - +2 ring of evasion
MPRegen  0.20/turn              K - ring "Maos" {rC+ rN+ Dex+3 Slay+2}

@: flying, glowing, repel missiles, quick
A: big wings, negative energy resistance 1, electricity resistance, unbreathing,
petrification resistance, rot immunity, AC +13
a: Stop Flying, Divine Shield, Cleansing Flame, Summon Divine Warrior, Brand
Weapon With Holy Wrath, Renounce Religion


You were on level 3 of the Depths.
You worshipped the Shining One.
The Shining One was exalted by your worship.
You were not hungry.

You visited 5 branches of the dungeon, and saw 27 of its levels.
You also visited: Ossuary and Bailey.

You collected 2904 gold pieces.
You spent 1350 gold pieces at shops.

Inventory:

Hand Weapons
 B - a +1 flail of protection
 R - the +7 mace of the Extremely Mad (weapon) {flame, rPois rC+ rN+ MR+}
   (You found it in a bailey)

   It has been specially enchanted to burn those struck by it, causing extra
   injury to most foes and up to half again as much damage against particularly
   susceptible opponents.
   It protects you from cold.
   It protects you from poison.
   It protects you from negative energy.
   It affects your resistance to hostile enchantments.
 U - the cursed +0 war axe of Ywu Qapo {elec, +Blink +Inv rF+ rC+}
   (You found it on level 6 of the Lair of Beasts)

   Occasionally, upon striking a foe, it will discharge some electrical energy
   and cause terrible harm.
   It protects you from fire.
   It protects you from cold.
   It lets you turn invisible.
   It lets you blink.
   It has a curse placed upon it.
Armour
 c - a +3 shield (worn)
 t - the +2 pair of boots of the Aged Lives {rElec rCorr Stlth+}
   (You found it on level 15 of the Dungeon)

   It insulates you from electricity.
   It provides partial protection from all sources of acid and corrosion.
   It makes you more stealthy.
 y - a +2 cloak (worn)
 z - the +3 crown of Dyrovepreva {rElec Int+2 SInv}
   (You found it on level 8 of the Dungeon)

   It affects your intelligence (+2).
   It insulates you from electricity.
   It lets you see invisible.
 L - the +3 chain mail of Responsibility (worn) {Str+4 Dex+4}
   (You bought it in a shop on level 2 of the Orcish Mines)

   It affects your strength (+4).
   It affects your dexterity (+4).
 P - the +0 hat "Kuppeur" (worn) {Str+3}
   (You acquired it in a bailey)

   It affects your strength (+3).
 V - a +0 pair of gloves of archery (worn)
 X - a +2 pair of boots of running (worn)
Jewellery
 e - an uncursed ring of ice {unknown}
 D - a +2 ring of evasion (left hand)
 K - the ring "Maos" (right hand) {rC+ rN+ Dex+3 Slay+2}
   (You found it on level 15 of the Dungeon)

   [ring of slaying]

   It affects your dexterity (+3).
   It affects your accuracy and damage with ranged weapons and melee attacks
   (+2).
   It protects you from cold.
   It protects you from negative energy.
 T - the ring of Xom's Bemusement {rElec Int+4 Slay+2 SInv}
   (You found it on level 15 of the Dungeon)

   [ring of see invisible]

   It affects your intelligence (+4).
   It affects your accuracy and damage with ranged weapons and melee attacks
   (+2).
   It insulates you from electricity.
   It lets you see invisible.
 W - the amulet of the Air (around neck) {Inacc +Fly rElec EV+5 RMsl}
   (You bought it in a shop on level 1 of the Depths)

   [amulet of inaccuracy]

   It reduces the accuracy of all your attacks.
   It affects your evasion (+5).
   It insulates you from electricity.
   It lets you fly.
   It protects you from missiles.
 Y - an uncursed amulet of faith
Wands
 a - a wand of flame (34)
 w - a wand of disintegration (9)
 M - a wand of paralysis (22)
 O - a wand of digging (4)
 Q - a wand of enslavement (22)
Scrolls
 g - 4 scrolls of magic mapping
 k - 5 scrolls of fog
 n - 3 scrolls of remove curse
 o - 6 scrolls of enchant weapon
 r - 4 scrolls of amnesia
 v - 4 scrolls of identify
 A - a scroll of silence
 C - 10 scrolls of teleportation
 E - 2 scrolls of brand weapon
 G - 4 scrolls of fear
 J - 2 scrolls of blinking
 N - 3 scrolls of torment {unknown}
Potions
 b - 3 potions of cancellation
 d - 5 potions of might
 h - 8 potions of mutation
 i - 10 potions of curing
 j - 3 potions of resistance
 l - 2 potions of heal wounds
 m - 4 potions of agility
 p - a potion of lignification
 q - a potion of invisibility
 s - 10 potions of brilliance
 u - 2 potions of magic
 x - a potion of ambrosia
 F - 2 potions of haste
 H - 3 potions of flight
Miscellaneous
 I - a lightning rod (4/4)
Comestibles
 f - 45 rations


   Skills:
 + Level 14.9 Fighting
 + Level 13.7 Maces & Flails
 - Level 10.0 Armour
 * Level 15.0 Dodging
 + Level 14.2 Shields
 * Level 12.6 Invocations


You had 17 spell levels left.
You didn't know any spells.
Your spell library contained the following spells:

 Spells                   Type           Power        Failure   Level  Hunger
 Corona                   Hex            #......      86%         1    ##.....
 Infusion                 Chrm           #...         86%         1    ##.....
 Magic Dart               Conj           #...         86%         1    ##.....
 Sting                    Conj/Pois      #...         86%         1    ##.....
 Summon Small Mammal      Summ           #...         86%         1    ##.....
 Blink                    Tloc           N/A          94%         2    ###....
 Call Imp                 Summ           #.......     94%         2    ###....
 Corpse Rot               Necr           N/A          94%         2    ###....
 Ensorcelled Hibernation  Hex/Ice        #.....       94%         2    ###....
 Poisonous Vapours        Pois/Air       #.....       94%         2    ###....
 Shroud of Golubria       Chrm/Tloc      #.....       94%         2    ###....
 Slow                     Hex            #.......     94%         2    ###....
 Song of Slaying          Chrm           #.......     94%         2    ###....
 Call Canine Familiar     Summ           #.......     99%         3    ####...
 Confuse                  Hex            #.......     99%         3    ####...
 Conjure Flame            Conj/Fire      #.......     99%         3    ####...
 Dazzling Spray           Conj/Hex       #.....       99%         3    ####...
 Mephitic Cloud           Conj/Pois/Air  #.......     99%         3    ####...
 Regeneration             Chrm/Necr      #.........   99%         3    ####...
 Spectral Weapon          Hex/Chrm       #.......     99%         3    ####...
 Summon Guardian Golem    Hex/Summ       #.......     99%         3    ####...
 Tukima's Dance           Hex            #.......     99%         3    ####...
 Cause Fear               Hex            #.........   100%        4    #####..
 Olgreb's Toxic Radiance  Pois           #.......     100%        4    #####..
 Summon Ice Beast         Ice/Summ       #.......     100%        4    #####..
 Summon Lightning Spire   Summ/Air       #.......     100%        4    #####..
 Agony                    Necr           #.......     100%        5    ######.
 Bolt of Draining         Conj/Necr      #.........   100%        5    ######.
 Dispel Undead            Necr           #.......     100%        5    ######.
 Excruciating Wounds      Chrm/Necr      #.........   100%        5    ######.
 Silence                  Hex/Air        #.........   100%        5    ######.
 Venom Bolt               Conj/Pois      #.........   100%        5    ######.
 Yara's Violent Unravell  Hex/Tmut       #.........   100%        5    ######.
 Deflect Missiles         Chrm/Air       #.........   100%        6    #######
 Freezing Cloud           Conj/Ice/Air   #.........   100%        6    #######
 Ring of Flames           Chrm/Fire      #.........   100%        7    #######
 Discord                  Hex            #.........   100%        8    #######
 Sublimation of Blood     Necr           Unusable     N/A         2    N/A

Dungeon Overview and Level Annotations

Branches:
Dungeon (15/15)            Temple (1/1) D:7            Lair (6/6) D:9
  Swamp (0/4) Lair:2        Snake (0/4) Lair:3        Slime (0/5) Lair:5
    Orc (2/2) D:11            Elf (0/3) Orc:2        Vaults (0/5) D:14
 Depths (3/5) D:15        Ossuary (visited)          Bailey (visited)

Altars:
Ashenzari
Dithmenos
Elyvilon
Fedhas
Gozag
Hepliaklqana
Kikubaaqudgha
Makhleb
Nemelex Xobeh
Okawaru
Qazlal
Ru
Sif Muna
Trog
Uskayaw
Vehumet
Wu Jian
Xom
Yredelemnul
Zin
The Shining One

Shops:
D:4 *   D:6 %   D:8 (   D:13 !   Orc:1 *   Orc:2 *%*   Depths:1 =}}
Depths:2 =

Portals:
Hell: Lair:6 Depths:1 Depths:2 Depths:3
Ziggurat: Depths:3


Innate Abilities, Weirdness & Mutations

You are resistant to torment.
Your stone body is resilient. (AC +13)
You are immune to poison.
Your large and strong wings let you fly indefinitely.
You resist negative energy. (rN+)
You are resistant to electric shocks. (rElec)
You can survive without breathing.
You are immune to petrification.
You are immune to rotting.


Message History

The titanic slime creature is heavily wounded.
The titanic slime creature completely misses you.
You sock the titanic slime creature! You burn the titanic slime creature!
The titanic slime creature is heavily wounded.
You sock the titanic slime creature! You burn the titanic slime creature.
The titanic slime creature is severely wounded.
The titanic slime creature completely misses you.
You sock the titanic slime creature! You burn the titanic slime creature.
The titanic slime creature is severely wounded.
The titanic slime creature misses you.
You hit the titanic slime creature. You burn the titanic slime creature.
The titanic slime creature is severely wounded.
The titanic slime creature misses you.
You hit the titanic slime creature. You burn the titanic slime creature.
The titanic slime creature is severely wounded.
You sock the titanic slime creature! You burn the titanic slime creature.
The titanic slime creature is severely wounded.
The titanic slime creature hits you!!!!
Ouch! That really hurt!
You die...

.# ##.# ...## #....#
.....# .....# ....##
...### ### ### ### #
.###.###.###(###@##.##
..#.#.#.#.#.#.#.#J...#
..#.#.#.#.#.#(#.#J.#.#
.#.###.###.###.###.#
#### ### ### ### .# #
.# .# .# .#


You could see a titanic slime creature and a slime creature.

Vanquished Creatures
  2 liches
  3 sphinxes
  Gastronok (Lair:1)
  A tengu reaver (Depths:3)
  An orc warlord (Orc:1)
  2 spriggan defenders (Depths:2)
  A war gargoyle (D:12)
  5 stone giants
  10 very ugly things
  Nessos (Lair:4)
  2 slime creatures (Depths:3)
  A vampire knight (Depths:2)
  Snorg (D:10)
  6 dire elephants
  3 ettins
  Josephine (D:10)
  2 fire dragons (Depths:2)
  Erolcha (D:9)
  2 yaktaur captains
  A rakshasa (Depths:1)
  11 hydras
  5 great orbs of eyes
  A hell beast (Depths:2)
  15 centaur warriors
  3 ice dragons
  3 catoblepae
  4 vault guards (D:15)
  3 deep troll shamans
  3 tengu warriors (D:15)
  2 ogre magi (D:15)
  A death yak (Depths:2)
  8 two-headed ogres
  Urug (D:10)
  An orc high priest (Orc:2)
  A spriggan berserker (Depths:2)
  Nergalle (Orc:1)
  Sonja (D:14)
  A sun demon (Lair:6)
  3 skeletal warriors
  2 deep trolls
  2 unseen horrors
  2 spriggan druids (Depths:2)
  A phantasmal warrior (D:15)
  2 flayed ghosts
  A wizard (Lair:6)
  3 lindwurms
  16 ugly things
  2 harpies (Depths:2)
  A necromancer (D:14)
  2 wolf spiders
  4 orc knights
  4 manticores
  2 deep elf magi (D:15)
  6 orc sorcerers (Orc:2)
  7 oklob plants
  10 elephants
  3 cyclopes
  Maurice (D:11)
  Joseph (D:7)
  6 black mambas
  12 gargoyles
  3 orange demons (Lair:6)
  13 spiny frogs
  A hellwing (Lair:6)
  11 komodo dragons
  4 rime drakes
  4 kobold demonologists
  11 yaktaurs
  2 red devils (Lair:6)
  A tengu conjurer (D:15)
  2 efreet (D:15)
  5 trolls
  4 hornets
  2 harpy skeletons (D:15)
  29 blink frogs
  Prince Ribbit (D:8)
  5 dream sheep (Lair:4)
  A meliai zombie (D:15)
  8 hippogriffs
  2 shadows (D:12)
  A spriggan (shapeshifter) (Depths:2)
  6 wraiths
  3 spriggans
  Sigmund (D:4)
  2 wyverns
  A redback (D:15)
  3 hungry ghosts
  2 water elementals (D:11)
  58 yaks
  A human (D:10)
  5 basilisks
  7 vampire mosquitoes
  2 wargs
  4 acid dragons
  12 water moccasins
  6 hell hounds
  4 porcupines
  Duvessa (D:7)
  46 orc warriors
  4 sky beasts
  A black bear (D:7)
  An eye of draining (D:15)
  4 ice beasts
  11 ogres
  A necrophage (D:8)
  3 phantoms
  7 wolves (Lair:1)
  23 centaurs
  20 crocodiles
  3 big kobolds
  18 bullfrogs
  Dowan (D:7)
  A gnoll sergeant (D:8)
  2 wyvern skeletons
  10 scorpions
  14 electric eels
  4 wights (D:8)
  6 howler monkeys
  7 centaur zombies
  8 crimson imps
  2 hounds
  6 jellies
  A quasit (D:10)
  3 bullfrog zombies
  29 orc priests
  3 bullfrog skeletons
  7 centaur skeletons
  Crazy Yiuf (D:5)
  2 human zombies (Ossuary)
  2 iguanas
  Natasha (thrice) (D:4)
  50 orc wizards
  4 worker ants
  2 big kobold zombies (Ossuary)
  2 hound skeletons
  3 mummies (Ossuary)
  16 gnolls
  12 adders
  2 scorpion zombies (Ossuary)
  4 shadow imps
  An adder skeleton (D:6)
  2 worms
  2 dart slugs (D:2)
  3 leopard geckos
  94 orcs
  2 ball pythons (D:2)
  2 giant cockroaches
  A gnoll zombie (Ossuary)
  10 goblins
  8 hobgoblins
  15 jackals
  22 kobolds
  4 quokkas
  7 bats
  A goblin zombie (Ossuary)
  4 hobgoblin zombies (Ossuary)
  A jackal skeleton (D:9)
  A kobold zombie (Ossuary)
  A leopard gecko zombie (D:5)
  6 rats
  A plant (Lair:4)
970 creatures vanquished.

Vanquished Creatures (collateral kills)
  A hellephant (Depths:1)
  2 dire elephants (Depths:1)
3 creatures vanquished.

Vanquished Creatures (others)
  A scorpion (Ossuary)
  An orc (Orc:2)
  2 goblin zombies (Ossuary)
  A hobgoblin zombie (Ossuary)
  An orc zombie (Ossuary)
  9 fungi
  49 plants
64 creatures vanquished.

Grand Total: 1037 creatures vanquished

Notes
Turn   | Place    | Note
-------+----------+-------------------------------------------
     0 | D:1      | Ponchio the Gargoyle Fighter began the quest for the Orb.
     0 | D:1      | Reached XP level 1. HP: 14/14 MP: 1/1
   231 | D:1      | Found an iron altar of Okawaru.
   303 | D:1      | Reached XP level 2. HP: 19/19 MP: 2/2
   730 | D:2      | Reached XP level 3. HP: 19/24 MP: 3/3
   776 | D:2      | Found a faded altar of an unknown god.
   920 | D:2      | Reached XP level 4. HP: 18/30 MP: 4/4
  1315 | D:3      | Noticed a bullfrog
  1328 | D:3      | Killed a bullfrog
  1328 | D:3      | Reached skill level 5 in Fighting
  1328 | D:3      | Reached XP level 5. HP: 29/35 MP: 5/5
  1946 | D:4      | Found Zin's Purification Station.
  1947 | D:4      | Noticed Natasha
  1956 | D:4      | Killed Natasha
  1962 | D:4      | Found a glowing silver altar of Zin.
  2025 | D:4      | Found a sand-covered staircase.
  2031 | Ossuary  | Entered an ossuary
  2056 | Ossuary  | Reached XP level 6. HP: 25/41 MP: 6/6
  2243 | Ossuary  | Reached skill level 5 in Maces & Flails
  2479 | Ossuary  | Reached XP level 7. HP: 43/47 MP: 7/7
  3282 | D:4      | Noticed Natasha
  3291 | D:4      | Killed Natasha
  3369 | D:4      | Noticed Sigmund
  3570 | D:4      | Reached XP level 8. HP: 39/53 MP: 8/8
  3680 | D:4      | Killed Sigmund
  3773 | D:4      | Noticed Natasha
  3783 | D:4      | Killed Natasha
  3796 | D:4      | Found a basalt altar of Yredelemnul.
  3797 | D:4      | Found a sparkling altar of Nemelex Xobeh.
  3798 | D:4      | Found an opulent altar of Gozag.
  4179 | D:5      | Entered Level 5 of the Dungeon
  4628 | D:5      | Found a runed translucent door.
  4629 | D:5      | Noticed Crazy Yiuf
  4887 | D:5      | Killed Crazy Yiuf
  5106 | D:6      | Found Mocaebarch's Food Emporium.
  5724 | D:7      | Reached XP level 9. HP: 46/60 MP: 9/9
  5877 | D:7      | Identified the ring of Idugycs {rElec rC+ Str-5 Int-5
                  | Stlth+}
  5912 | D:7      | Found a staircase to the Ecumenical Temple.
  5921 | Temple   | Entered the Ecumenical Temple
  5937 | Temple   | Became a worshipper of the Shining One
  6253 | D:7      | Noticed Prince Ribbit
  6253 | D:7      | Noticed Joseph
  6406 | D:8      | Found Raodisiull's Antique Weapon Shop.
  6438 | D:8      | Reached skill level 10 in Fighting
  6598 | D:8      | Found a burning altar of Makhleb.
  6716 | D:8      | Reached * piety under the Shining One
  6815 | D:8      | Noticed a two-headed ogre
  6831 | D:8      | Killed a two-headed ogre
  6831 | D:8      | Reached skill level 10 in Maces & Flails
  6831 | D:8      | Reached XP level 10. HP: 62/70 MP: 10/10
  6898 | D:8      | Found the +3 crown of Dyrovepreva {rElec Int+2 SInv}
  6901 | D:8      | Reached skill level 1 in Dodging
  6979 | D:8      | Got a smoking war axe
  6980 | D:8      | Identified the cursed +3 war axe of Eternal Night {chop,
                  | rPois rN+ MR+ Stlth-} (You found it on level 8 of the
                  | Dungeon)
  7386 | D:8      | Reached skill level 2 in Dodging
  7585 | D:8      | Killed Prince Ribbit
  7671 | D:7      | Killed Joseph
  7728 | D:7      | Noticed Dowan
  7729 | D:7      | Noticed Duvessa
  7742 | D:7      | Killed Duvessa
  7743 | D:7      | Killed Dowan
  7743 | D:7      | Reached skill level 3 in Dodging
  8314 | D:9      | Noticed a two-headed ogre
  8327 | D:9      | Killed a two-headed ogre
  8327 | D:9      | Reached skill level 5 in Armour
  8327 | D:9      | Reached skill level 4 in Dodging
  8327 | D:9      | Reached skill level 5 in Shields
  8567 | D:9      | Found a staircase to the Lair.
  8569 | D:9      | Reached ** piety under the Shining One
  8686 | D:9      | Noticed Erolcha
  8694 | D:9      | Killed Erolcha
  8694 | D:9      | Reached skill level 5 in Dodging
  8694 | D:9      | Reached XP level 11. HP: 33/74 MP: 11/11
  9517 | Lair:1   | Entered Level 1 of the Lair of Beasts
  9887 | Lair:1   | Reached skill level 6 in Dodging
 10185 | Lair:1   | Noticed Gastronok
 10206 | Lair:1   | Killed Gastronok
 10206 | Lair:1   | Reached skill level 7 in Dodging
 11065 | Lair:2   | Reached XP level 12. HP: 80/80 MP: 12/12
 11135 | Lair:2   | Found a staircase to the Swamp.
 11470 | Lair:2   | Reached skill level 8 in Dodging
 11654 | Lair:3   | Noticed a five-headed hydra
 11666 | Lair:2   | Killed a five-headed hydra
 12292 | Lair:3   | Reached skill level 9 in Dodging
 12523 | Lair:3   | Found a staircase to the Snake Pit.
 13601 | Lair:4   | Noticed Nessos
 13657 | Lair:4   | Killed Nessos
 13806 | Lair:4   | Noticed a catoblepas
 13824 | Lair:4   | Killed a catoblepas
 13824 | Lair:4   | Reached XP level 13. HP: 71/84 MP: 13/13
 13923 | Lair:4   | Reached skill level 10 in Dodging
 13975 | Lair:4   | Reached *** piety under the Shining One
 14003 | Lair:4   | Reached skill level 10 in Armour
 14003 | Lair:4   | Reached skill level 10 in Shields
 18003 | Lair:5   | Found a staircase to the Slime Pits.
 18444 | Lair:6   | Entered Level 6 of the Lair of Beasts
 18498 | Lair:6   | Got a smoking war axe
 18499 | Lair:6   | Identified the cursed +0 war axe of Ywu Qapo {elec, +Blink
                  | +Inv rF+ rC+} (You found it on level 6 of the Lair of
                  | Beasts)
 18564 | Lair:6   | Reached skill level 11 in Dodging
 19227 | Lair:6   | Gained mutation: Your large and strong wings let you fly
                  | indefinitely. [Gargoyle growth]
 19227 | Lair:6   | Reached XP level 14. HP: 77/92 MP: 14/14
 19440 | Lair:6   | Reached **** piety under the Shining One
 19442 | Lair:6   | Found a burning altar of Makhleb.
 19797 | Lair:6   | Found a gateway to Hell.
 20195 | Lair:6   | Reached ***** piety under the Shining One
 20700 | Lair:6   | Noticed a dire elephant
 20745 | Lair:6   | Killed a dire elephant
 21231 | Lair:4   | Got a shimmering helmet
 21253 | Lair:4   | Identified the +1 helmet "Juled" {Stlth+} (You found it on
                  | level 4 of the Lair of Beasts)
 21430 | D:10     | Entered Level 10 of the Dungeon
 21493 | D:10     | Noticed Snorg
 21496 | D:10     | Noticed Urug
 21523 | D:10     | Killed Urug
 21523 | D:10     | Reached skill level 12 in Dodging
 21669 | D:10     | Killed Snorg
 21669 | D:10     | Reached skill level 1 in Invocations
 22189 | D:10     | Found a blossoming altar of Fedhas.
 23185 | D:10     | Noticed Josephine
 23208 | D:10     | Killed Josephine
 23428 | D:11     | Noticed Maurice
 23578 | D:11     | Found a staircase to the Orcish Mines.
 23640 | D:11     | Paralysed by Maurice for 4 turns
 23647 | D:11     | Killed Maurice
 24092 | Orc:1    | Entered Level 1 of the Orcish Mines
 24183 | Orc:1    | Noticed Nergalle
 24197 | Orc:1    | Killed Nergalle
 24387 | Orc:1    | Found Buleurre's Assorted Antiques.
 24473 | Orc:1    | Reached XP level 15. HP: 97/97 MP: 18/18
 24818 | Orc:2    | Entered Level 2 of the Orcish Mines
 25100 | Orc:2    | Reached ****** piety under the Shining One
 25731 | Orc:2    | Paralysed by an orc sorcerer for 3 turns
 26055 | Orc:2    | Reached skill level 5 in Invocations
 26058 | Orc:2    | Noticed an orc warlord
 26274 | Orc:1    | Killed an orc warlord
 26417 | Orc:2    | Found Sedireg's Food Emporium.
 26417 | Orc:2    | Found Zooceoxt's Assorted Antiques.
 26417 | Orc:2    | Found Luenudgh's Gadget Shoppe.
 26422 | Orc:2    | Found Fer Hov's Assorted Antiques.
 26452 | Orc:2    | Bought a heavily runed chain mail for 256 gold pieces
 26713 | Orc:1    | Identified the +3 chain mail of Responsibility {Str+4
                  | Dex+4} (You bought it in a shop on level 2 of the Orcish
                  | Mines)
 26857 | Orc:2    | Found a staircase to the Elven Halls.
 28414 | D:13     | Found a sparkling altar of Nemelex Xobeh.
 28760 | D:13     | Noticed Sonja
 29150 | D:13     | Found Toheva's Distillery.
 29252 | D:14     | Reached skill level 13 in Dodging
 29319 | D:14     | Found a gate to the Vaults.
 29386 | D:14     | Found a flagged portal.
 29402 | Bailey   | Entered a bailey
 29473 | Bailey   | Found an iron altar of Okawaru.
 30139 | Bailey   | Got an encrusted leather armour
 30156 | Bailey   | Got an ancient mace
 30158 | Bailey   | Got a polished bardiche
 30162 | Bailey   | Got a jewelled hand crossbow
 30164 | Bailey   | Got a heavily runed hat
 30175 | Bailey   | Identified the +0 hat "Kuppeur" {Str+3} (You acquired it in
                  | a bailey)
 30185 | Bailey   | Identified the +0 leather armour of the Fiddle {rN+} (You
                  | found it in a bailey)
 30197 | Bailey   | Identified the +7 mace of the Extremely Mad {flame, rPois
                  | rC+ rN+ MR+} (You found it in a bailey)
 30198 | Bailey   | Identified the +6 bardiche "Abaoteme" {speed, Str+4} (You
                  | found it in a bailey)
 30199 | Bailey   | Identified the +5 hand crossbow "Ocyepp" {elec, rN+ MR+}
                  | (You found it in a bailey)
 30227 | D:14     | Got a warped hand axe
 30228 | D:14     | Identified the cursed +0 hand axe of the Magic Mushroom
                  | {freeze, rPois} (You found it on level 14 of the Dungeon)
 30753 | D:14     | Reached XP level 16. HP: 97/104 MP: 21/21
 30970 | D:14     | Killed Sonja
 31337 | D:14     | Found a hazy altar of Hepliaklqana.
 31357 | D:15     | Entered Level 15 of the Dungeon
 31471 | D:15     | Got a sparkling amber ring
 31473 | D:15     | Identified the ring "Ziganiro" {rF+ Str-4 Int+6 Dex+2
                  | Slay-3} (You found it on level 15 of the Dungeon)
 31580 | D:15     | Found a staircase to the Depths.
 31679 | D:15     | Got a steaming wooden ring
 31680 | D:15     | Identified the ring "Maos" {rC+ rN+ Dex+3 Slay+2} (You
                  | found it on level 15 of the Dungeon)
 31828 | D:15     | Got a smoking amber ring
 31875 | D:15     | Identified the ring of Xom's Bemusement {rElec Int+4 Slay+2
                  | SInv} (You found it on level 15 of the Dungeon)
 32068 | D:15     | Identified a +1 pair of boots of running (You found it on
                  | level 15 of the Dungeon)
 32160 | D:15     | Found a glowing golden altar of the Shining One.
 32290 | D:15     | Found a sacrificial altar of Ru.
 32346 | D:15     | Noticed a sphinx
 32357 | D:15     | Killed a sphinx
 32525 | D:15     | Found a hide-covered altar of Uskayaw.
 32543 | D:15     | Got a pair of heavily runed boots
 32549 | D:15     | Identified the +2 pair of boots of the Aged Lives {rElec
                  | rCorr Stlth+} (You found it on level 15 of the Dungeon)
 32692 | Depths:1 | Entered Level 1 of the Depths
 32812 | Depths:1 | Reached skill level 10 in Invocations
 33152 | Depths:1 | Found a huge runed gate.
 33153 | Depths:1 | Found a huge runed gate.
 33153 | Depths:1 | Found a huge runed gate.
 33153 | Depths:1 | Found a huge runed gate.
 33153 | Depths:1 | Found a huge runed gate.
 33153 | Depths:1 | Found a huge runed gate.
 33153 | Depths:1 | Found a huge runed gate.
 33154 | Depths:1 | Found a huge runed gate.
 33155 | Depths:1 | Found a huge runed gate.
 33155 | Depths:1 | Found a huge runed gate.
 33176 | Depths:1 | Found a huge runed gate.
 33176 | Depths:1 | Found a huge runed gate.
 33176 | Depths:1 | Found a huge runed gate.
 33176 | Depths:1 | Found a huge runed gate.
 33176 | Depths:1 | Found a huge runed gate.
 33176 | Depths:1 | Found a huge runed gate.
 33182 | Depths:1 | Found a huge runed gate.
 33182 | Depths:1 | Found a huge runed gate.
 33182 | Depths:1 | Found a huge runed gate.
 33182 | Depths:1 | Found a huge runed gate.
 33182 | Depths:1 | Found a huge runed gate.
 33245 | Depths:1 | Reached skill level 14 in Dodging
 33581 | Depths:1 | Reached XP level 17. HP: 111/111 MP: 24/24
 33811 | Depths:1 | Found a huge runed gate.
 33812 | Depths:1 | Found a huge runed gate.
 33813 | Depths:1 | Found a huge runed gate.
 33856 | Depths:1 | Found a huge runed gate.
 33856 | Depths:1 | Found a huge runed gate.
 33857 | Depths:1 | Found a huge runed gate.
 33908 | Depths:1 | Found Boshrief's Gadget Shoppe.
 33909 | Depths:1 | Found Hiejeygh's Jewellery Boutique.
 33910 | Depths:1 | Found Jieptoj's Gadget Shoppe.
 33918 | Depths:1 | Bought the amulet of the Air {Inacc +Fly rElec EV+5 RMsl}
                  | for 1094 gold pieces
 33918 | Depths:1 | Found the amulet of the Air {Inacc +Fly rElec EV+5 RMsl}
 33974 | Depths:1 | Noticed a hellephant
 34460 | Depths:1 | The Shining One protects you from harm!
 34499 | Depths:1 | Killed a hellephant
 35046 | Depths:2 | Found Loma's Jewellery Emporium.
 35533 | Depths:2 | Noticed a sphinx
 35630 | Depths:2 | Killed a sphinx
 35876 | Depths:2 | HP: 4/112 [fire dragon/blast of flame (44)]
 36148 | Depths:2 | Noticed a sphinx
 36165 | Depths:2 | Killed a sphinx
 36755 | Depths:2 | Noticed a lich
 36773 | Depths:2 | Killed a lich
 36773 | Depths:2 | Reached XP level 18. HP: 117/117 MP: 27/27
 37382 | Depths:3 | Noticed a lich
 37463 | Depths:3 | Killed a lich
 38110 | Depths:3 | Found a gateway to a ziggurat.
 38122 | Depths:3 | Noticed a quicksilver dragon
 38124 | Depths:3 | Noticed a titan
 38131 | Depths:3 | Paralysed by a vampire knight for 5 turns
 38555 | Depths:3 | Reached skill level 15 in Dodging
 38624 | Depths:3 | Slain by a titanic slime creature

Levels and vault maps discovered:
D:1:      roderic_crossed_star, layout_basic, okawaru_ov_weapons_minmay
D:2:      wander_river, layout_rooms, chequers_ecumenical_altar_grove,
          minmay_pentomino_w2
D:3:      layout_loops_ring, minmay_cut_off
D:4:      layout_loops_cross, zin_purify, nicolae_overflow_hidden_temple,
          nicolae_ossuary_entry_plus, uniq_sigmund, uniq_natasha
D:5:      layout_basic, first_ration, uniq_crazy_yiuf_cottage
D:6:      layout_basic, serial_shops, nicolae_shop_statue_plus
D:7:      layout_loops_ring, minmay_temple_entry_sparse_star, uniq_duvessa,
          uniq_joseph, uniq_prince_ribbit1
D:8:      layout_rooms, serial_bayou, serial_bayou_lagoon_a,
          serial_bayou_lagoon_b, serial_bayou_lake_a, serial_bayou_ford_a,
          serial_shops, nicolae_shop_overgrown_old_shop,
          makhleb_blood_cavern_becter
D:9:      layout_stronghold, lair_entry_dummy, uniq_erolcha
D:10:     layout_roguey, grunt_pizzeria, hangedman_tree_tricks, uniq_urug,
          uniq_josephine, uniq_snorg
D:11:     layout_cave_pools, erik_orc_2, minmay_misc_feat_chi, uniq_maurice
D:12:     gargoyle_guard, layout_cave_pools
D:13:     layout_basic, basic_altar, serial_shops, nicolae_shop_waterfront,
          uniq_sonja
D:14:     layout_layer_cave, david_vaults_1, enter_bailey_2,
          minmay_misc_feat_encased, lemuel_statue_altar
D:15:     hangedman_spin_cycle
Temple:   nicolae_temple_elliptical
Lair:1:   layout_cave_pods, uniq_gastronok
Lair:2:   layout_regular_city, swamp_mist, eino_small_chamber_without_monster,
          minmay_shattered_shrine, lemuel_fruit_fields, serial_bayou_shore_a
Lair:3:   cheibrodos_lair_overgrown_chateau, layout_chaotic_city,
          dummy_snake_entry, st_stairs_13
Lair:4:   layout_hall_layers, minmay_lair_oklob_chamber, uniq_nessos
Lair:5:   layout_gridlike, slime_dummy, grunt_megastairs_2, lemuel_fruit_tree
Lair:6:   evil_forest, layout_hall_layers
Orc:1:    layout_diamond_mine, serial_shops,
          nicolae_shop_temple_entry_statues_fountains, uniq_nergalle
Orc:2:    st_orc_mages, layout_caves
Depths:1: layout_gridlike, kennysheep_cross_bottleneck, hell_entry,
          not_door_vault_due, firewood_loft, minmay_shop_grove
Depths:2: hangedman_hanging_gardens, layout_basic, pf_dread_powers_of_hell,
          minmay_shop_enchanted_jewellery, hangedman_abyss_or_decor_passed
Depths:3: hangedman_box_tower, layout_honeycomb, enter_ziggurat_a,
          grunt_pan_entry_spiral, marbit_kobold_abyss_entry, hell_entry,
          grunt_decor_resistance

Skill      XL: |  1  2  3  4  5  6  7  8  9 10 11 12 13 14 15 16 17 18 |
---------------+-------------------------------------------------------+-----
Fighting       | 4 5 6 7 9 11 12 13 14 | 14.9
Maces & Flails | 3 4 5 6 8 10 11 12 13 | 13.7
Dodging        | 5 7 9 11 12 13 14 15 | 15.0
Armour         | 5 7 9 10 | 10.0
Shields        | 5 7 9 10 11 12 13 14 | 14.2
Invocations    | 4 7 10 12 | 12.6

Action                   |  1- 3 |  4- 6 |  7- 9 | 10-12 | 13-15 | 16-18 || total
-------------------------+-------+-------+-------+-------+-------+-------++-------
Melee: Flail             |   122 |   145 |   344 |   787 |  2374 |       ||  3772
       Whip              |       |       |   140 |       |       |       ||   140
       Mace              |       |       |       |       |    64 |  1348 ||  1412
 Fire: Longbow           |       |       |       |       |    33 |       ||    33
Throw: Stone             |       |       |       |       |    20 |       ||    20
       Javelin           |       |       |       |       |     2 |       ||     2
Invok: Summon Divine War |       |       |       |       |       |     2 ||     2
 Abil: Fly               |       |       |       |       |     1 |       ||     1
Evoke: Wand              |       |       |       |       |    22 |     6 ||    28
       Lightning rod     |       |       |       |       |     4 |       ||     4
  Use: Scroll            |       |    14 |     8 |     1 |    21 |     6 ||    50
       Potion            |       |       |       |       |     5 |     4 ||     9
  Eat: Chunk             |       |     3 |     7 |    22 |    43 |    18 ||    93
       Ration            |       |     1 |     3 |     1 |     4 |     3 ||    12
Armor: Ring mail         |    86 |    66 |   165 |   288 |   473 |       ||  1078
       Chain mail        |       |       |       |       |   287 |   308 ||   595
Dodge: Dodged            |    71 |    44 |   119 |   331 |  1258 |   691 ||  2514
       Deflected         |       |       |       |       |       |    10 ||    10
Block: Shield            |   101 |    90 |   221 |   465 |  2023 |   998 ||  3898
